 Dungeon Crawl Stone Soup version 0.29.0-5-ge4962eb29e (webtiles) character file.

Game seed: 1023574771183747450

2458 freelancePsychic the Skirmisher (level 9, -12/71 HPs)
             Began as a Demonspawn Hunter on Aug 28, 2022.
             Was an Initiate of Okawaru.
             Mangled by an orc warrior
             ... wielding a +0 flail
              (17 damage)
             ... on level 8 of the Dungeon.
             The game lasted 00:22:37 (10307 turns).

freelancePsychic the Skirmisher (DsHu)             Turns: 10307, Time: 00:22:37

Health: -12/71     AC: 10    Str: 12      XL:     9   Next: 26%
Magic:  11/11      EV: 12    Int: 10      God:    Okawaru [......]
Gold:   253        SH:  4    Dex: 16 (21) Spells: 8/8 levels left

rFire   . . .      SeeInvis .   (no weapon)
rCold   + . .      Faith    .   (no shield)
rNeg    . . .      Spirit   .   c - +0 leather armour
rPois   .          Reflect  .   e - +2 helmet
rElec   .          Harm     .   k - +2 cloak
rCorr   +          Rampage  .   (no gloves)
Will    .....                   x - +0 pair of boots
Stlth   +++.......              (no amulet)
HPRegen 0.21/turn               n - ring of resist corrosion
MPRegen 0.12/turn               t - ring of protection from cold

@: mighty
A: powered by pain 1, sturdy frame 1, demonic magic 1, demonic touch 2, large
bone plates 1
a: Renounce Religion


You were on level 8 of the Dungeon.
You worshipped Okawaru.
Okawaru was noncommittal.
You visited 2 branches of the dungeon, and saw 11 of its levels.

You collected 371 gold pieces.
You spent 118 gold pieces at shops.

Inventory:

Hand Weapons
 a - a +0 shortbow
 j - a -3 triple crossbow
Armour
 c - a +0 leather armour (worn)
 e - a +2 helmet (worn)
 g - a +0 ring mail
 k - a +2 cloak (worn)
 x - a +0 pair of boots (worn)
Jewellery
 n - a ring of resist corrosion (left hand)
 p - a ring of flight
 t - a ring of protection from cold (right hand)
 u - a ring of protection from cold
Scrolls
 f - 3 scrolls of identify {@r1}
 i - 2 scrolls of fog
 q - 2 scrolls of immolation
 r - a scroll of amnesia
 s - 2 scrolls of magic mapping
Potions
 b - 2 potions of flight
 l - a potion of cancellation
 m - 2 potions of attraction
 o - 5 potions of mutation


   Skills:
 + Level 6.5 Fighting
 * Level 8.9 Ranged Weapons
 - Level 1.7 Dodging
 - Level 5.6 Stealth
 + Level 3.1 Invocations


You had 8 spell levels left.
You didn't know any spells.
Your spell library contained the following spells:

 Spells                   Type           Power      Damage    Failure   Level
 Magic Dart               Conj           0%         1d3       36%         1
 Ensorcelled Hibernation  Hex/Ice        0%         N/A       52%         2
 Searing Ray              Conj           0%         2d4       52%         2
 Static Discharge         Conj/Air       0%         3-3/arc   52%         2
 Confusing Touch          Hex            0%         N/A       75%         3
 Portal Projectile        Hex/Tloc       0%         N/A       75%         3
 Spider Form              Tmut/Pois      0%         N/A       75%         3
 Airstrike                Air            0%         2d(0-16)  98%         4
 Anguish                  Hex/Necr       0%         N/A       98%         4
 Fulminant Prism          Conj/Hex       0%         3d6       98%         4
 Leda's Liquefaction      Hex/Erth       0%         N/A       98%         4
 Lightning Bolt           Conj/Air       0%         1d11      100%        5
 Yara's Violent Unravell  Hex/Tmut       0%         3d3       100%        5
 Enfeeble                 Hex            0%         N/A       100%        7
 Maxwell's Capacitive Co  Air            0%         ∞         100%        8
 Summon Small Mammal      Summ           Unusable   N/A       N/A         1
 Call Canine Familiar     Summ           Unusable   N/A       N/A         3
 Summon Guardian Golem    Hex/Summ       Unusable   N/A       N/A         3
 Summon Lightning Spire   Summ/Air       Unusable   N/A       N/A         4

Dungeon Overview and Level Annotations

Branches:
Dungeon (10/15)            Temple (1/1) D:6
   Lair: D:8-11         Orc: D:9-12

Altars:
Fedhas
Gozag
Hepliaklqana
Kikubaaqudgha
Makhleb
Nemelex Xobeh
Okawaru
Qazlal
Ru
Sif Muna
Trog
Uskayaw
Vehumet
Wu Jian
Xom
Yredelemnul

Shops:
D:2 =(=*   D:5 *   D:7 [

Annotations:
D:2 1 runed translucent door, Crazy Yiuf
D:3 Ijyb
D:5 3 runed translucent doors, BuzzyBeetle's ghost, novice GnWn
D:7 exclusions: 5 doors, steam dragon and 1 more exclusion
D:9 exclusions: killer bee, troll and 7 more exclusions


Innate Abilities, Weirdness & Mutations

You sometimes gain a little power by taking damage.
Your movements are slightly less encumbered by armour. (ER -2)
Spells you cast may paralyse adjacent enemies.
Your touch may inflict irresistible damage on your foes.
You are partially covered in large bone plates. (SH +4)


Message History

The orc warrior hits you with a +0 flail!
* * * LOW HITPOINT WARNING * * *
Fire: a) +0 shortbow
Press: ? - help, Shift-Dir - straight line, f/p - orc warrior
Aim: an orc warrior, wielding a +0 flail and wearing a +0 crystal plate armour (lightly wounded, 67% to hit)
You shoot an arrow. The arrow hits the orc warrior!
The orc warrior is heavily wounded.
The orc warrior hits you but does no damage.
You feel better.
The orc warrior hits you but does no damage.
Fire: a) +0 shortbow
Press: ? - help, Shift-Dir - straight line, f/p - orc warrior
Aim: an orc warrior, wielding a +0 flail and wearing a +0 crystal plate armour (heavily wounded, 67% to hit)
It was a potion of might.
You feel very mighty all of a sudden.
The orc warrior hits you but does no damage.
Fire: a) +0 shortbow
Press: ? - help, Q - select action, (/) - cycle Shift-Dir - straight line, f/p - orc warrior
Aim: an orc warrior, wielding a +0 flail and wearing a +0 crystal plate armour (heavily wounded, 67% to hit)
Okay, then.
Throw: throwing net
Press: ? - help, Q - select action, (/) - cycle Shift-Dir - straight line, f/p - orc warrior
Aim: an orc warrior, wielding a +0 flail and wearing a +0 crystal plate armour (heavily wounded, 63% to hit)
You throw a throwing net.
The throwing net closely misses the orc warrior.
The orc warrior barely misses you.
You are now empty-handed.
You feel less wooden.
Your +2 cloak unmelds from your body.
Your +2 helmet unmelds from your body.
Your +0 pair of boots unmelds from your body.
Your +0 leather armour unmelds from your body.
You hit the orc warrior but do no damage.
The orc warrior is heavily wounded.
The orc warrior hits you with a +0 flail!
* * * LOW HITPOINT WARNING * * *
Okay, then.
Okay, then.
The orc warrior attacks as you move away!
The orc warrior hits you with a +0 flail!
You die...

#.# ####.# #.#.#
#.# #.# #.#.#
#.# ######.#
#.#.# #.#
##...##.# #.#.#
#.# #.....#.#
#.#
#.####.....†.#
#.#
#.#....>....##
#.#
#.#.###...#.####
#.# #.#.#
##....)@o# #.#
#.#.# #.#####.#
#.# #.#.####.#
#.##### #.#
#........#
#.....# #.#
#...####.#
#.###.# #.###
#.#.# #.#####.#
#.# #.... #.#.#
##.......# #.#
#####
#.#.###..)#.####
#.#
###.#.....#...#
#.#


You could see an orc warrior.

Vanquished Creatures
  A golden eye (D:10)
  A basilisk (D:9)
  A water moccasin (D:5)
  3 black bears
  A centaur (D:9)
  4 phantoms
  2 ogres
  A kobold brigand (D:8)
  A necrophage (D:5)
  3 bullfrogs
  2 scorpions
  A howler monkey (D:4)
  3 quasits (D:5)
  3 orc priests (D:4)
  2 jellies
  A hound (D:6)
  Terence (D:2)
  Natasha (twice) (D:3)
  An iguana (D:5)
  5 orc wizards
  3 gnolls (D:4)
  9 adders
  4 white imps
  5 ufetubi
  4 dart slugs
  25 orcs
  19 endoplasms
  3 giant cockroaches
  12 goblins
  5 hobgoblins
  6 jackals (D:2)
  22 kobolds
  5 quokkas
  7 ball pythons
  8 bats
  3 frilled lizards
  4 rats
183 creatures vanquished.

Vanquished Creatures (others)
  A kobold (D:9)
  6 demonic plants (D:5)
  3 fungi (D:4)
  59 plants
  8 toadstools (D:4)
77 creatures vanquished.

Grand Total: 260 creatures vanquished

Notes
Turn   | Place    | Note
-------+----------+-------------------------------------------
     0 | D:1      | freelancePsychic the Demonspawn Hunter began the quest for
                  | the Orb.
     0 | D:1      | Reached XP level 1. HP: 16/16 MP: 1/1
    26 | D:1      | Reached skill level 1 in Stealth
    86 | D:1      | Gained mutation: Your touch may inflict minor irresistible
                  | damage on your foes. [demonic ancestry]
    86 | D:1      | Reached XP level 2. HP: 18/22 MP: 2/2
   366 | D:1      | Reached skill level 4 in Ranged Weapons
   534 | D:1      | Gained mutation: You sometimes gain a little power by
                  | taking damage. [demonic ancestry]
   534 | D:1      | Reached XP level 3. HP: 28/28 MP: 3/3
   912 | D:1      | Found a faded altar of an unknown god.
  1017 | D:2      | Found a runed translucent door.
  1018 | D:2      | Noticed Crazy Yiuf
  1055 | D:2      | Noticed Terence
  1340 | D:2      | Killed Terence
  1341 | D:2      | Gained mutation: Spells you cast may paralyse adjacent
                  | enemies. [demonic ancestry]
  1341 | D:2      | Reached XP level 4. HP: 23/34 MP: 4/4
  1444 | D:2      | Found Uttov's Weapon Shop.
  1468 | D:2      | Found Opotzew's Jewellery Emporium.
  1686 | D:2      | Found Asumit's Assorted Antiques.
  1873 | D:2      | Found Cyil Vaimaff's Jewellery Shoppe.
  2083 | D:3      | Noticed Natasha
  2086 | D:3      | Killed Natasha
  2087 | D:3      | Gained mutation: Your touch may inflict irresistible damage
                  | on your foes. [demonic ancestry]
  2087 | D:3      | Reached XP level 5. HP: 41/41 MP: 5/5
  2128 | D:3      | Reached skill level 5 in Ranged Weapons
  2149 | D:3      | Noticed a +0 spear
  2149 | D:3      | Noticed a +0 short sword
  2152 | D:3      | Noticed a +0 dagger
  2153 | D:3      | Noticed a +0 dagger
  2155 | D:3      | Noticed a +0 falchion
  2155 | D:3      | Noticed a +0 falchion
  2156 | D:3      | Noticed a +0 spear
  2159 | D:3      | Noticed a +0 short sword
  2163 | D:3      | Found a hide-covered altar of Uskayaw.
  2207 | D:3      | Noticed Natasha
  2210 | D:3      | Killed Natasha
  2214 | D:3      | Noticed Ijyb
  2777 | D:4      | Reached XP level 6. HP: 47/47 MP: 6/6
  3139 | D:4      | Reached skill level 6 in Ranged Weapons
  3262 | D:4      | Reached XP level 7. HP: 50/54 MP: 7/7
  3395 | D:5      | Entered Level 5 of the Dungeon
  3698 | D:5      | Gained mutation: You sometimes lose your temper in combat.
                  | [potion of mutation]
  3698 | D:5      | Gained mutation: You are partially covered in large bone
                  | plates. (SH +4) [potion of mutation]
  3698 | D:5      | Lost mutation: You sometimes lose your temper in combat.
                  | [potion of mutation]
  3955 | D:5      | Found Diegeuh's Lightly-Used Armoury.
  3966 | D:5      | Bought a -3 triple crossbow for 1 gold piece
  4112 | D:5      | Found a runed translucent gate.
  4112 | D:5      | Found a runed translucent gate.
  4114 | D:5      | Found a runed translucent gate.
  4134 | D:5      | Reached skill level 5 in Fighting
  4134 | D:5      | Reached skill level 7 in Ranged Weapons
  4134 | D:5      | Gained mutation: Your movements are slightly less
                  | encumbered by armour. (ER -2) [demonic ancestry]
  4134 | D:5      | Reached XP level 8. HP: 49/62 MP: 8/8
  4352 | D:5      | Noticed BuzzyBeetle's ghost (novice GnWn)
  4778 | D:6      | Identified the +4 rapier of Osem {vorpal, rC+ Str+2 Stlth+}
  4876 | D:6      | Found a stormy altar of Qazlal.
  4877 | D:6      | Found a shimmering blue altar of Sif Muna.
  4878 | D:6      | Found a basalt altar of Yredelemnul.
  5157 | D:6      | Reached skill level 5 in Stealth
  5219 | D:6      | Found a staircase to the Ecumenical Temple.
  5854 | D:5      | Reached skill level 8 in Ranged Weapons
  6312 | Temple   | Entered the Ecumenical Temple
  6443 | Temple   | Became a worshipper of Warmaster Okawaru
  7366 | D:6      | Reached skill level 1 in Invocations
  7535 | D:7      | Found Vuypn's Antique Armour Boutique.
  7541 | D:7      | Bought a helmet for 117 gold pieces
  7756 | D:7      | Noticed a boulder beetle
  8518 | D:8      | Reached XP level 9. HP: 58/69 MP: 10/10
  8904 | D:9      | Noticed a troll
  9625 | D:9      | Noticed a troll
  9632 | D:10     | Entered Level 10 of the Dungeon
  9903 | D:10     | Found an opulent altar of Gozag.
  9903 | D:10     | Found a shimmering altar of Xom.
  9904 | D:10     | Found a radiant altar of Vehumet.
  9927 | D:10     | Paralysed by a hornet for 2 turns
 10307 | D:8      | Mangled by an orc warrior

Illustrated notes

Levels and vault maps discovered:
D:1:      nicolae_arrival_memento_mori, layout_rooms,
          shapermc_ecumenical_altar_mp_highgroup, corexii_hall_statues_t,
          minmay_door_square
D:2:      layout_basic, serial_shops, nicolae_diamond_shop,
          nicolae_shop_bloodbath_and_beyond, shop, nicolae_lakefront_shop,
          uniq_terence, uniq_crazy_yiuf_cottage
D:3:      layout_loops_ring, grunt_dithmenos_smoke_and_mirrors,
          nicolae_uskayaw_en_pointe, kennysheep_potato, uniq_ijyb, uniq_natasha
D:4:      cheibrodos_fertilizer, layout_basic, wad_floor_pattern_1,
          minmay_cupped
D:5:      layout_basic, gammafunk_ghost_icy, serial_demonic, serial_demonic_c,
          serial_demonic_c, serial_demonic_c, serial_demonic_b,
          serial_demonic_e, serial_demonic_g, serial_demonic_e,
          serial_demonic_g, minmay_shop_damaged
D:6:      layout_loops_cross, mainiacjoe_overflow_alcove_3,
          minmay_temple_entry_tees
D:7:      minmay_the_grid_plus_closed [minmay_the_grid_expand,
          minmay_the_grid_minigrid_small_alt, minmay_the_grid_empty,
          minmay_the_grid_outer_circle, minmay_the_grid_prize_four_corners],
          layout_basic, serial_shops, shop, chequers_serial_rivers_micro_d
D:8:      layout_loops_ring, serial_bayou_lagoon_b
D:9:      layout_small_grid, lemuel_tele_altar
D:10:     layout_roguey, chequers_temple_overflow_statue_of_worship,
          slow_altar_2, ashenzari_altar_1, david_lair_shrubbed, serial_shops,
          nicolae_shop_waterfront
Temple:   hellmonk_temple_rainy

Skill      XL: |  1  2  3  4  5  6  7  8  9 |
---------------+----------------------------+-----
Stealth        | 1 2 3 4 5 |  5.6
Ranged Weapons | 4 5 6 7 8 |  8.9
Fighting       | 3 4 5 6 |  6.5
Invocations    | 1 3 |  3.1
Dodging        | |  1.7

Action                   |  1- 3 |  4- 6 |  7- 9 || total
-------------------------+-------+-------+-------++-------
Melee: Unarmed           |       |       |     1 ||     1
 Fire: Shortbow          |   124 |   208 |   738 ||  1070
Throw: Throwing net      |       |       |     1 ||     1
Evoke: Wand              |       |       |     6 ||     6
  Use: Scroll            |     4 |     7 |    10 ||    21
       Potion            |     1 |     1 |    12 ||    14
Armor: Leather armour    |    17 |    40 |   281 ||   338
       Skin              |       |       |    12 ||    12
Dodge: Dodged            |    54 |    73 |   397 ||   524
Block: Other             |       |       |   115 ||   115
